 Dungeon Crawl Stone Soup version 0.21-a0-91-ga5031da (webtiles) character file.

803 Duffy the Chopper (level 7, 0/38 HPs)
             Began as a Vine Stalker Fighter on June 30, 2017.
             Succumbed to a scorpion's poison
             ... on level 4 of the Dungeon.
             The game lasted 00:03:28 (2775 turns).

Duffy the Chopper (Vine Stalker Fighter)            Turns: 2775, Time: 00:03:29

Health: 0/38       AC: 10    Str: 21    XL:     7   Next: 91%
Magic:  2/8        EV:  7    Int:  8    God:
Gold:   429        SH: 10    Dex: 13    Spells: 6/6 levels left

rFire    . . .     SeeInvis .   a - +0 war axe
rCold    . . .     Gourm    .   c - +0 shield
rNeg     . . .     Faith    .   y - +0 scale mail (curse)
rPois    .         Spirit   +   p - +0 helmet
rElec    .         Reflect  .   (no cloak)
rCorr    .         Harm     +   t - +1 pair of gloves
MR       .....                  (no boots)
Stlth    ..........             s - amulet of harm
HPRegen  0.52/turn              (no ring)
MPRegen  0.11/turn              (no ring)

@: lethally poisoned (0 -> -9)
A: fangs 2, regeneration 1, magic shield, antimagic bite, no potion heal 3, rot
immunity
a: no special abilities


You were on level 4 of the Dungeon.
You were not hungry.

You visited 1 branch of the dungeon, and saw 4 of its levels.
You also visited: Ossuary.

You collected 429 gold pieces.

Inventory:

Hand Weapons
 a - a +0 war axe (weapon)
 v - a +0 blowgun
Missiles
 r - 2 throwing nets (quivered)
Armour
 c - a +0 shield (worn)
 p - a +0 helmet (worn)
 t - a +1 pair of gloves (worn)
 y - a cursed +0 scale mail (worn)
Jewellery
 s - an amulet of harm (around neck)
Wands
 o - a wand of flame (23/48)
 z - a wand of flame (34/48)
Scrolls
 e - a scroll of magic mapping {unknown}
 l - a scroll of fog
 m - 2 scrolls of identify
 q - a scroll of blinking {unknown}
 w - a scroll of teleportation
 x - a scroll of enchant armour
Potions
 d - 2 potions of might
 j - 2 potions of haste {unknown}
 k - 3 potions of mutation {unknown}
 n - 2 potions of brilliance {unknown}
 u - a potion of cancellation {unknown}
 B - a potion of magic {unknown}
Books
 b - a book of Minor Magic

   Spells                             Type                      Level
   a - Magic Dart                     Conjuration                  1
   b - Blink                          Translocation                2
   c - Call Imp                       Summoning                    2
   d - Slow                           Hexes                        2
   e - Conjure Flame                  Conjuration/Fire             3
   f - Mephitic Cloud                 Conjuration/Poison/Air       3
Comestibles
 f - 4 bread rations
 g - a royal jelly
 h - 5 meat rations
 i - 4 fruits
 A - 12 chunks of flesh


   Skills:
 + Level 4.4 Fighting
 * Level 5.1 Axes
 + Level 4.0 Armour
 + Level 4.2 Shields


You had 6 spell levels left.
You didn't know any spells.

Dungeon Overview and Level Annotations

Branches:
Dungeon (4/15)
 Temple: D:4-7

Altars:
Gozag
Okawaru

Annotations:
D:4 Edmund


Innate Abilities, Weirdness & Mutations

You have extremely sharp teeth.
Your natural rate of healing is unusually fast.
When hurt, damage is shared between your health and your magic reserves.
Your bite disrupts and absorbs the magic of your enemies.
Potions cannot restore your health.
You are immune to rotting.


Message History

You hit the scorpion but do no damage. You block the scorpion's attack.
Edmund hits you with a flail of protection!
The scorpion stings you.
You are poisoned.
The scorpion poisons you!
You closely miss Edmund. You bite Edmund, but do no damage.
Edmund is lightly wounded.
You hit the scorpion but do no damage.
You feel sick. The scorpion barely misses you. You block Edmund's attack.
You barely miss Edmund. You bite Edmund, but do no damage.
Edmund is lightly wounded.
You closely miss the scorpion.
You feel sick. The scorpion stings you.
You are lethally poisoned!
The scorpion poisons you!
Edmund hits you with a flail of protection.
You block the scorpion's attack.
You hit Edmund but do no damage. You bite Edmund, but do no damage.
Edmund is lightly wounded.
You hit the scorpion.
You die...

#### ...#
##.$.###.
#........ #.@..#
######### #@#
........########s#
#######..........#
'..#..##########.#
#..#..# #...
#####'#### #.###
#.....'..# #..
#.....#..# #.#
'.....##'# #.# .


You could see Edmund and a scorpion.

Vanquished Creatures
  Grinder (D:3)
  Blork the orc (D:4)
  A centaur zombie (Ossuary)
  A human zombie (Ossuary)
  2 hounds (D:4)
  An orc wizard (D:3)
  Jessica (D:3)
  An iguana (D:3)
  Natasha (thrice) (D:4)
  A big kobold zombie (Ossuary)
  2 mummies (Ossuary)
  Robin (D:3)
  3 gnolls (D:2)
  6 adders
  An ooze (D:3)
  2 worms (D:2)
  A dart slug (D:2)
  A leopard gecko (D:2)
  10 orcs (D:3)
  7 giant cockroaches
  16 goblins
  11 hobgoblins
  8 jackals
  8 kobolds
  A quokka (D:2)
  9 ball pythons
  7 bats
  4 frilled lizards
  A gnoll zombie (Ossuary)
  4 goblin zombies
  5 hobgoblin zombies
  3 orc zombies (Ossuary)
  5 rats
129 creatures vanquished.

Vanquished Creatures (others)
  A goblin (D:3)
1 creature vanquished.

Grand Total: 130 creatures vanquished

Notes
Turn   | Place    | Note
-------+----------+-------------------------------------------
     0 | D:1      | Duffy the Vine Stalker Fighter began the quest for the Orb.
     0 | D:1      | Reached XP level 1. HP: 11/11 MP: 2/2
    30 | D:1      | Reached skill level 2 in Axes
   157 | D:1      | Reached XP level 2. HP: 13/16 MP: 3/3
  1055 | D:2      | Reached XP level 3. HP: 19/19 MP: 4/4
  1119 | D:2      | Gained mutation: Your natural rate of healing is unusually fast. [Vine Stalker growth]
  1119 | D:2      | Reached XP level 4. HP: 11/23 MP: 3/5
  1498 | D:2      | Reached skill level 3 in Axes
  1582 | D:3      | Noticed Jessica
  1589 | D:3      | Killed Jessica
  1593 | D:3      | Reached XP level 5. HP: 25/28 MP: 6/6
  1826 | D:3      | Noticed Grinder
  1853 | D:3      | Paralysed by Grinder for 4 turns
  1860 | D:3      | Paralysed by Grinder for 2 turns
  1864 | D:3      | Killed Grinder
  1864 | D:3      | Reached skill level 4 in Axes
  1864 | D:3      | Reached XP level 6. HP: 11/33 MP: 3/7
  1945 | D:3      | Noticed Robin
  1955 | D:3      | Killed Robin
  2051 | D:3      | Reached XP level 7. HP: 37/37 MP: 8/8
  2213 | D:4      | Found an iron altar of Okawaru.
  2213 | D:4      | Noticed Blork the orc
  2222 | D:4      | Killed Blork the orc
  2253 | D:4      | Found an opulent altar of Gozag.
  2273 | D:4      | Noticed Natasha
  2281 | D:4      | Killed Natasha
  2283 | D:4      | Noticed Natasha
  2288 | D:4      | Killed Natasha
  2352 | D:4      | Found a sand-covered staircase.
  2365 | Ossuary  | Entered an ossuary
  2586 | D:4      | Noticed Natasha
  2590 | D:4      | Killed Natasha
  2590 | D:4      | Reached skill level 5 in Axes
  2763 | D:4      | Noticed Edmund
  2774 | D:4      | HP: 1/38 [Edmund/flail of protection (1)]
  2775 | D:4      | Succumbed to a scorpion's poison

Vault maps used:
D:1:      dpeg_arrival_boxes_within_box
D:3:      uniq_grinder, uniq_jessica, uniq_robin
D:4:      cheibrodos_quashed, okawaru_ov_weapons_minmay, lemuel_doored_altar,
          enter_ossuary_3, first_bread, grunt_ministairs_13,
          minmay_snake_closets, uniq_pikel, uniq_edmund, uniq_blork_the_orc,
          uniq_natasha
Ossuary:  minmay_ossuary_gauntlet

Skill      XL: |  1  2  3  4  5  6  7 |
---------------+----------------------+-----
Axes           | 2 3 4 5 |  5.1
Shields        | 3 4 |  4.2
Fighting       | 3 4 |  4.4
Armour         | 3 4 |  4.0

Action                   |  1- 3 |  4- 6 |  7- 9 || total
-------------------------+-------+-------+-------++-------
Melee: War axe           |    82 |   153 |    92 ||   327
       Bite              |    17 |    41 |    29 ||    87
  Use: Scroll            |       |     7 |       ||     7
  Eat: Chunk             |       |     4 |     3 ||     7
Armor: Scale mail        |    43 |    81 |    40 ||   164
Dodge: Dodged            |    25 |    56 |    17 ||    98
Block: Shield            |    41 |    91 |    48 ||   180
